Map: Romanticide LE

Players

GunGFuBanDa - Winner!

  • Race: Protoss Protoss
  • League: Grandmaster
  • Spawn Location: 5:00

TLHarstem (Harstem)

  • Race: Protoss Protoss
  • League: Master
  • Spawn Location: 11:00

Event: DreamHack SC2 Masters 2020 Winter

VOD

Have the link to the VOD?

Description

Time

  • Played on: Oct. 27, 2020, 2:31 p.m.
  • Length: 30:59

All games in this series

Show
View Real Time Build Order
Export as new Build Order

GunGFuBanDa Protoss - Winner!

Build Orders:  

Get SALT Encoding   

  12  0:00  Probe  
  13  0:12  Probe  
  14  0:17  Pylon  
  14  0:24  Probe (Chrono Boost)  
  16  0:36  Gateway, Probe (Chrono Boost)  
  16  0:42  Probe (Chrono Boost)  
  16  0:46  Assimilator  
  17  0:51  Probe  
  17  0:54  Assimilator  
  18  1:03  Probe (Chrono Boost)  
  19  1:06  Gateway  
  19  1:12  Probe (Chrono Boost)  
  19  1:17  Probe (Chrono Boost)  
  20  1:23  Cybernetics Core  
  21  1:29  Probe  
  22  1:35  Pylon  
  22  1:41  Probe  
  23  1:53  Probe  
  24  1:58  Warp Gate (Chrono Boost)  
  24  2:00  Stalker x2  
  28  2:12  Pylon  
  28  2:13  Probe  
  29  2:29  Shield Battery  
  29  2:33  Stalker x2  
  33  2:42  Pylon, Shield Battery  
  33  2:58  Probe  
  34  3:01  Gateway  
  34  3:04  Stalker  
  36  3:09  Stalker  
  38  3:22  Probe  
  38  3:44  Adept  
  38  3:47  Adept  
  42  3:54  Nexus  
  42  4:15  Sentry x2  
  42  4:16  Sentry  
  46  4:17  Probe  
  46  4:22  Pylon  
  45  4:29  Shield Battery  
  45  4:37  Probe  
  46  4:41  Stalker, Sentry  
  46  4:42  Stalker  
  52  4:49  Twilight Council  
  52  4:50  Probe  
  53  4:56  Pylon  
  53  5:02  Probe  
  53  5:06  Adept x2  
  58  5:07  Adept  
  58  5:11  Probe  
  61  5:15  Probe  
  58  5:33  Probe  
  58  5:34  Blink (Chrono Boost)  
  53  5:36  Adept x3  
  53  5:40  Probe  
  54  5:47  Probe  
  55  5:52  Probe (Chrono Boost)  
  54  5:59  Probe (Chrono Boost)  
  54  6:04  Probe (Chrono Boost)  
  54  6:05  Forge  
  51  6:12  Probe (Chrono Boost)  
  51  6:14  Stalker x2, Shield Battery, Probe (Chrono Boost), Sentry  
  51  6:18  Pylon  
  58  6:21  Assimilator  
  58  6:23  Probe  
  58  6:24  Probe  
  60  6:34  Protoss Ground Weapons Level 1 (Chrono Boost)  
  60  6:40  Stalker x2  
  60  6:44  Probe  
  65  6:55  Robotics Facility  
  65  6:58  Nexus  
  65  7:04  Probe x2  
  65  7:06  Pylon  
  67  7:16  Probe x2  
  67  7:21  Gateway  
  69  7:23  Gateway  
  69  7:28  Probe x2  
  71  7:35  Adept  
  71  7:36  Adept  
  75  7:39  Shield Battery  
  75  7:40  Probe x2  
  75  7:43  Observer (Chrono Boost)  
  78  7:52  Gateway, Probe x2  
  78  7:56  Immortal (Chrono Boost)  
  78  7:58  Pylon  
  84  8:06  Stalker  
  84  8:09  Probe  
  84  8:12  Stalker  
  89  8:22  Probe  
  89  8:26  Probe x2  
  88  8:30  Gateway  
  88  8:31  Immortal (Chrono Boost)  
  88  8:33  Stalker x2  
  96  8:34  Probe, Sentry  
  96  8:39  Protoss Ground Weapons Level 2 (Chrono Boost)  
  96  8:41  Probe x2  
  101  8:46  Probe  
  101  8:47  Assimilator  
  101  8:48  Assimilator  
  102  8:50  Assimilator  
  102  8:59  Stalker x3  
  108  9:02  Pylon  
  108  9:14  Pylon  
  108  9:17  Pylon  
  108  9:19  Robotics Bay  
  108  9:23  Probe x3  
  111  9:29  Charge  
  111  9:31  Photon Cannon  
  111  9:33  Observer  
  111  9:40  Photon Cannon  
  111  9:41  Warp Prism  
  111  9:42  Nexus  
  111  9:44  Pylon  
  113  9:46  Robotics Facility  
  113  9:57  Probe x2  
  113  9:58  Probe  
  113  9:59  Pylon  
  116  10:10  Stalker x5  
  127  10:14  Probe x3  
  127  10:18  Photon Cannon  
  129  10:21  Disruptor  
  129  10:26  Probe  
  129  10:28  Disruptor  
  128  10:43  Stalker x4  
  128  10:44  Stalker  
  128  10:45  Probe (Chrono Boost)  
  140  10:51  Probe (Chrono Boost)  
  140  10:53  Disruptor, Dark Shrine  
  140  10:57  Pylon  
  141  11:08  Disruptor (Chrono Boost)  
  141  11:11  Shield Battery  
  144  11:22  Protoss Ground Weapons Level 3  
  144  11:28  Pylon  
  147  11:33  Probe x2  
  147  11:36  Photon Cannon, Disruptor (Chrono Boost)  
  149  11:40  Disruptor (Chrono Boost)  
  149  11:43  Photon Cannon  
  149  11:46  Pylon  
  152  11:50  Gravitic Boosters (Chrono Boost)  
  152  11:51  Photon Cannon  
  152  11:52  Shield Battery  
  150  11:55  Gateway  
  150  11:56  Gateway  
  150  12:04  Disruptor  
  150  12:07  Zealot x6  
  165  12:09  Disruptor  
  159  12:38  Stalker x6  
  159  12:39  Gravitic Drive  
  159  12:40  Observer  
  159  12:43  Shadow Stride (Chrono Boost)  
  166  12:45  Assimilator, Disruptor  
  166  12:48  Assimilator  
  159  13:01  Disruptor  
  162  13:06  Zealot x8  
  178  13:14  Nexus  
  176  13:21  Observer  
  173  13:31  Probe  
  173  13:32  Probe  
  174  13:35  Probe x2  
  174  13:38  Dark Templar  
  174  13:39  Dark Templar  
  178  13:42  Pylon  
  178  13:44  Pylon  
  178  13:46  Pylon  
  166  13:57  Dark Templar x5  
  174  14:06  Observer, Probe x2  
  174  14:09  Photon Cannon  
  176  14:10  Photon Cannon  
  176  14:14  Photon Cannon  
  176  14:15  Zealot, Observer  
  176  14:16  Zealot x2  
  181  14:37  Stalker x7  
  181  14:38  Stalker  
  197  14:55  Nexus  
  197  14:57  Pylon  
  195  15:06  Disruptor  
  186  15:08  Dark Templar  
  186  15:09  Dark Templar x7, Pylon  
  194  15:15  Probe x2  
  194  15:17  Photon Cannon  
  194  15:19  Photon Cannon  
  194  15:20  Photon Cannon  
  144  15:54  Disruptor (Chrono Boost)  
  144  15:55  Stalker x8, Disruptor (Chrono Boost)  
  164  15:59  Protoss Shields Level 1 (Chrono Boost), Probe  
  164  16:01  Assimilator  
  157  16:04  Assimilator  
  157  16:06  Shield Battery  
  157  16:08  Shield Battery  
  157  16:09  Shield Battery  
  157  16:18  Photon Cannon  
  157  16:22  Gateway, Observer, Dark Templar x2  
  157  16:23  Dark Templar x3, Zealot x2  
  157  16:24  Zealot  
  173  16:39  Pylon  
  173  16:45  Pylon, Observer x2  
  175  16:55  Pylon  
  175  17:00  Nexus  
  174  17:07  Observer x2  
  176  17:09  Stalker x8  
  192  17:16  Gateway  
  192  17:18  Gateway  
  192  17:19  Gateway  
  192  17:22  Gateway  
  192  17:24  Gateway  
  183  17:45  Observer  
  183  17:49  Zealot x8  
  200  18:06  Nexus  
  199  18:20  Protoss Shields Level 2 (Chrono Boost)  
  199  18:22  Stargate  
  199  18:31  Observer, Protoss Air Weapons Level 1 (Chrono Boost)  
  200  18:36  Pylon  
  200  18:40  Pylon  
  200  18:44  Pylon  
  200  18:45  Stargate  
  200  18:49  Unknown  
  200  19:06  Photon Cannon  
  200  19:08  Photon Cannon  
  200  19:10  Photon Cannon  
  200  19:22  Photon Cannon  
  192  19:25  Photon Cannon  
  192  19:26  Fleet Beacon  
  192  19:27  Photon Cannon  
  192  19:28  Stargate  
  184  19:46  Stargate  
  184  19:47  Shield Battery  
  184  19:48  Stargate  
  184  19:50  Shield Battery  
  184  19:51  Shield Battery  
  180  19:55  Nexus  
  180  19:57  Observer  
  173  20:00  Dark Templar x2  
  173  20:01  Zealot x11  
  198  20:07  Observer  
  188  20:19  Shield Battery  
  179  20:28  Tempest (Chrono Boost)  
  179  20:29  Tempest (Chrono Boost)  
  179  20:32  Tempest (Chrono Boost)  
  199  20:38  Tempest (Chrono Boost), Pylon  
  191  20:54  Disruptor  
  191  20:55  Disruptor  
  189  20:59  Zealot x7  
  198  21:11  Tempest  
  176  21:28  Tempest (Chrono Boost)  
  176  21:31  Tempest (Chrono Boost)  
  176  21:32  Tempest (Chrono Boost)  
  191  21:33  Zealot x4  
  197  21:42  Disruptor x2  
  197  21:44  Photon Cannon  
  197  21:47  Photon Cannon  
  192  22:03  Nexus  
  192  22:13  Photon Cannon  
  192  22:14  Protoss Air Weapons Level 2 (Chrono Boost)  
  192  22:15  Photon Cannon  
  177  22:31  Probe  
  177  22:32  Tempest  
  177  22:33  Tempest x2  
  177  22:35  Probe  
  176  22:53  Probe x2  
  176  22:54  Dark Templar  
  176  22:55  Dark Templar x5  
  176  22:56  Dark Templar x5  
  200  23:02  Pylon  
  198  23:22  Photon Cannon  
  198  23:23  Pylon  
  198  23:24  Photon Cannon  
  191  23:39  Unknown  
  191  23:40  Tempest  
  169  23:47  Tempest  
  172  23:49  Dark Templar x3, Zealot x4  
  172  23:50  Zealot x2  
  179  24:01  Photon Cannon  
  167  24:03  Photon Cannon  
  167  24:04  Photon Cannon  
  167  24:06  Shield Battery  
  167  24:07  Mothership (Chrono Boost)  
  167  24:17  Photon Cannon  
  173  24:24  Probe x3  
  172  24:39  Observer x2  
  172  24:44  Protoss Air Weapons Level 3 (Chrono Boost)  
  169  25:00  Disruptor x2  
  149  25:29  Templar Archives  
  147  25:36  Nexus, Observer  
  140  26:00  Photon Cannon  
  140  26:03  Dark Templar  
  140  26:04  Dark Templar  
  144  26:09  High Templar x3  
  144  26:10  High Templar  
  152  26:15  Archon  
  152  26:16  Archon  
  152  26:22  Disruptor  
  148  27:01  Dark Templar, Zealot x6  
  150  27:02  Dark Templar x2  
  166  27:10  Tempest  
  167  27:32  Disruptor (Chrono Boost)  
  167  27:35  Disruptor (Chrono Boost)  
  150  27:49  Nexus  
  142  28:05  Pylon  
  142  28:07  Zealot x9  
  146  28:29  Tempest x2  
  134  29:01  Nexus  
  134  29:16  Dark Templar  
  129  29:44  Observer  
  118  29:59  Photon Cannon  
  118  30:07  Zealot x8  
  122  30:14  Dark Templar  
  116  30:40  Stalker  
  116  30:41  Stalker  
Show
View Real Time Build Order
Export as new Build Order

TLHarstem Protoss 

Build Orders: Carriers 

Get SALT Encoding   

  12  0:00  Probe  
  13  0:12  Probe  
  14  0:17  Pylon  
  14  0:24  Probe  
  15  0:35  Gateway  
  15  0:36  Probe (Chrono Boost)  
  16  0:46  Probe (Chrono Boost)  
  16  0:47  Assimilator  
  17  0:51  Probe (Chrono Boost)  
  17  0:54  Assimilator  
  18  1:03  Probe  
  19  1:07  Gateway  
  19  1:15  Probe  
  20  1:22  Cybernetics Core  
  20  1:27  Probe  
  21  1:35  Pylon  
  21  1:39  Probe  
  23  2:00  Stalker, Gateway  
  25  2:02  Stalker  
  25  2:03  Warp Gate  
  25  2:06  Probe  
  27  2:13  Pylon  
  27  2:28  Stalker (Chrono Boost)  
  27  2:29  Stalker (Chrono Boost)  
  30  2:47  Stalker (Chrono Boost)  
  30  2:50  Stalker  
  34  3:13  Nexus  
  34  3:21  Probe  
  34  3:26  Pylon  
  35  3:33  Probe  
  36  3:45  Probe  
  37  3:51  Adept x2  
  37  3:52  Sentry  
  43  3:58  Probe  
  44  4:03  Pylon  
  42  4:10  Probe (Chrono Boost)  
  41  4:21  Probe (Chrono Boost)  
  42  4:26  Twilight Council, Sentry  
  42  4:27  Probe (Chrono Boost)  
  45  4:32  Probe (Chrono Boost)  
  45  4:36  Shield Battery  
  47  4:41  Probe x2 (Chrono Boost), Sentry  
  50  4:46  Probe (Chrono Boost)  
  50  4:48  Probe  
  48  4:55  Sentry  
  48  4:58  Probe  
  51  5:00  Probe  
  52  5:08  Blink  
  52  5:10  Pylon  
  52  5:12  Stalker  
  54  5:18  Shield Battery  
  54  5:19  Probe  
  55  5:29  Stalker  
  55  5:30  Shield Battery  
  51  5:38  Stalker  
  50  5:42  Probe  
  50  5:45  Probe  
  50  5:49  Shield Battery  
  51  5:50  Shield Battery  
  51  5:52  Stalker  
  51  5:55  Probe  
  50  5:57  Probe  
  50  5:59  Stalker  
  51  6:07  Probe  
  51  6:09  Probe  
  53  6:16  Sentry  
  55  6:19  Probe  
  55  6:21  Forge, Probe  
  55  6:22  Sentry  
  59  6:27  Phoenix  
  59  6:28  Assimilator  
  59  6:31  Probe  
  60  6:33  Probe  
  60  6:35  Gateway x2  
  60  6:37  Robotics Facility  
  61  6:43  Pylon, Probe  
  61  6:45  Probe  
  63  6:47  Protoss Ground Weapons Level 1 (Chrono Boost)  
  63  7:01  Pylon  
  64  7:05  Nexus  
  64  7:07  Probe  
  64  7:14  Probe  
  65  7:19  Stalker x2  
  69  7:24  Probe  
  69  7:27  Observer  
  71  7:30  Probe  
  71  7:33  Stalker x2, Pylon  
  71  7:36  Probe  
  77  7:43  Probe  
  78  7:45  Stalker x2  
  78  7:48  Probe  
  83  7:55  Probe  
  84  7:58  Adept  
  84  7:59  Adept  
  84  8:00  Probe  
  84  8:01  Phoenix  
  84  8:05  Pylon  
  89  8:07  Probe  
  89  8:08  Gateway x2  
  90  8:22  Stalker x3  
  90  8:24  Probe  
  90  8:26  Probe  
  97  8:28  Probe  
  97  8:29  Protoss Ground Weapons Level 2 (Chrono Boost)  
  97  8:31  Assimilator  
  98  8:35  Assimilator  
  98  8:36  Probe  
  98  8:39  Probe  
  98  8:40  Probe  
  101  8:44  Robotics Bay  
  101  8:48  Probe  
  101  8:49  Pylon  
  101  8:51  Photon Cannon  
  102  8:56  Probe  
  102  8:59  Robotics Facility  
  102  9:01  Photon Cannon  
  103  9:09  Probe  
  104  9:12  Probe  
  104  9:16  Probe  
  106  9:19  Shield Battery  
  106  9:21  Probe  
  107  9:28  Stalker x3  
  107  9:30  Pylon  
  113  9:32  Disruptor (Chrono Boost)  
  113  9:35  Probe  
  117  9:46  Assimilator  
  117  9:47  Disruptor (Chrono Boost)  
  120  9:54  Probe  
  120  9:58  Nexus  
  120  9:59  Photon Cannon  
  124  10:01  Pylon, Disruptor (Chrono Boost)  
  124  10:03  Pylon  
  124  10:07  Stalker  
  124  10:08  Stalker  
  124  10:12  Disruptor (Chrono Boost)  
  124  10:13  Charge  
  128  10:15  Stalker  
  128  10:19  Pylon  
  133  10:23  Pylon  
  133  10:27  Probe  
  133  10:28  Probe  
  135  10:29  Photon Cannon  
  135  10:31  Pylon  
  135  10:39  Probe  
  135  10:41  Shield Battery  
  135  10:42  Stalker x3  
  142  10:44  Photon Cannon  
  142  10:46  Observer (Chrono Boost)  
  143  10:54  Probe  
  143  10:56  Disruptor (Chrono Boost)  
  147  10:58  Stalker x3  
  151  11:18  Disruptor  
  151  11:19  Stalker x2  
  151  11:20  Stalker  
  151  11:21  Probe  
  151  11:22  Photon Cannon, Probe x3  
  164  11:31  Stalker x3  
  170  11:33  Probe  
  170  11:37  Disruptor  
  174  11:41  Pylon  
  174  11:49  Protoss Ground Weapons Level 3 (Chrono Boost)  
  174  11:50  Stalker x3  
  180  12:08  Disruptor  
  180  12:12  Stalker x3  
  180  12:14  Probe  
  190  12:15  Pylon  
  190  12:18  Nexus, Pylon  
  190  12:19  Observer  
  186  12:24  Gateway  
  186  12:26  Disruptor  
  186  12:27  Gateway  
  189  12:36  Stalker x5  
  197  12:39  Stalker  
  187  12:56  Probe, Dark Shrine  
  184  12:59  Disruptor  
  184  13:00  Zealot x4  
  184  13:01  Zealot  
  184  13:04  Disruptor  
  200  13:22  Phoenix  
  197  13:29  Zealot  
  199  13:34  Photon Cannon  
  199  13:39  Probe  
  200  13:43  Stargate  
  200  13:44  Stargate  
  200  13:45  Zealot x3  
  183  13:50  Observer x2  
  181  13:56  Protoss Air Weapons Level 1  
  181  14:00  Zealot x5  
  181  14:01  Gravitic Boosters (Chrono Boost)  
  191  14:05  Probe  
  191  14:07  Assimilator  
  192  14:10  Photon Cannon  
  192  14:11  Assimilator, Observer, Probe x2  
  192  14:12  Photon Cannon x2, Probe  
  192  14:14  Photon Cannon x2  
  196  14:22  Pylon  
  194  14:26  Probe  
  194  14:29  Fleet Beacon  
  198  14:33  Disruptor  
  193  14:45  Photon Cannon  
  193  14:47  Pylon  
  193  14:48  Photon Cannon  
  193  14:50  Dark Templar x2  
  193  14:52  Zealot x3  
  199  14:53  Photon Cannon  
  199  14:55  Shield Battery  
  196  15:06  Probe  
  194  15:09  Disruptor  
  194  15:12  Photon Cannon  
  194  15:13  Photon Cannon, Probe  
  198  15:17  Photon Cannon x2  
  163  15:43  Mothership (Chrono Boost)  
  163  15:45  Disruptor (Chrono Boost)  
  163  15:46  Zealot x4  
  163  15:49  Zealot x4  
  138  15:54  Carrier x2 (Chrono Boost)  
  157  16:09  Probe (Chrono Boost)  
  158  16:15  Disruptor (Chrono Boost)  
  161  16:20  Zealot x2  
  161  16:21  Zealot x6  
  161  16:22  Assimilator, Pylon, Nexus  
  177  16:25  Protoss Air Weapons Level 2 (Chrono Boost)  
  177  16:32  Assimilator  
  161  16:33  Photon Cannon  
  160  16:42  Disruptor  
  160  16:44  Stalker x4  
  160  16:45  Stalker x3  
  177  16:53  Photon Cannon  
  177  16:59  Carrier (Chrono Boost)  
  177  17:03  Shield Battery  
  177  17:06  Dark Templar  
  185  17:08  Dark Templar  
  185  17:12  Shield Battery  
  185  17:14  Dark Templar  
  179  17:33  Carrier  
  179  17:35  Observer  
  179  17:36  Disruptor  
  188  17:51  Zealot x4  
  188  17:52  Zealot x2  
  200  18:09  Protoss Shields Level 1  
  200  18:10  Robotics Facility  
  200  18:12  Robotics Facility  
  200  18:33  Disruptor  
  192  18:34  Probe  
  192  18:40  Carrier  
  198  18:41  Probe  
  198  18:45  Photon Cannon  
  198  18:48  Photon Cannon, Pylon  
  198  18:49  Photon Cannon  
  198  18:52  Assimilator  
  198  18:53  Assimilator  
  196  19:00  Disruptor  
  199  19:12  Protoss Air Weapons Level 3  
  199  19:13  Stalker x6  
  182  19:27  Photon Cannon  
  182  19:28  Photon Cannon  
  182  19:29  Pylon  
  182  19:34  Disruptor, Carrier  
  179  19:39  Zealot x3  
  179  19:40  Zealot  
  179  19:41  Probe  
  179  19:42  Probe x2  
  179  19:43  Probe  
  179  19:44  Photon Cannon  
  179  19:45  Probe  
  192  19:48  Photon Cannon  
  192  19:53  Zealot x4, Probe  
  192  19:54  Probe  
  194  20:29  Dark Templar x3  
  186  20:55  Disruptor (Chrono Boost)  
  187  20:59  Disruptor (Chrono Boost)  
  187  21:00  Disruptor (Chrono Boost)  
  189  21:06  Carrier  
  189  21:09  Dark Templar x2  
  195  21:25  Observer (Chrono Boost)  
  187  21:26  Zealot x4  
  187  21:32  Tempest  
  173  21:35  Stalker x2  
  173  21:37  Probe  
  165  21:42  Probe  
  165  21:45  Stalker  
  165  21:46  Probe  
  163  21:51  Stalker x3  
  165  22:00  Stalker x2  
  165  22:01  Probe x3  
  165  22:02  Probe  
  165  22:05  Gateway  
  165  22:07  Gateway  
  167  22:09  Tempest  
  167  22:10  Gateway  
  167  22:11  Protoss Shields Level 2  
  167  22:12  Photon Cannon  
  167  22:13  Photon Cannon x2  
  167  22:15  Tempest  
  177  22:18  Pylon  
  160  22:30  Stalker x5  
  160  22:31  Stalker  
  160  22:32  Probe  
  171  22:50  Dark Templar x2  
  171  22:52  Tempest  
  171  22:54  Stalker x6  
  191  22:58  Oracle  
  187  23:19  Dark Templar, Zealot x6  
  188  23:35  Tempest x2  
  188  23:40  Zealot x2  
  188  23:41  Zealot x3  
  193  23:43  Probe  
  193  23:48  Stalker x3  
  190  23:53  Probe  
  182  23:59  Stalker x2  
  173  24:18  Dark Templar  
  173  24:32  Observer  
  172  24:38  Stalker  
  174  24:58  Tempest x2  
  180  25:12  Dark Templar  
  165  25:15  Dark Templar  
  165  25:16  Dark Templar x2, Zealot x3  
  162  25:29  Stalker x4  
  162  25:30  Nexus  
  166  25:44  Observer  
  167  26:01  Probe  
  168  26:06  Dark Templar  
  168  26:07  Dark Templar, Zealot  
  168  26:08  Photon Cannon  
  174  26:13  Dark Templar  
  163  26:26  Zealot  
  163  26:32  Tempest  
  167  26:37  Oracle  
  155  27:01  Stalker x2  
  155  27:06  Probe (Chrono Boost)  
  155  27:07  Probe x3 (Chrono Boost)  
  161  27:14  Probe (Chrono Boost), Oracle  
  165  27:25  Probe  
  165  27:26  Probe  
  158  27:41  Stalker x5  
  151  28:00  Stalker x3  
  152  28:05  Dark Templar  
  152  28:06  Dark Templar  
  147  28:54  Oracle (Chrono Boost)  
  150  28:56  Zealot x5  
  150  28:57  Zealot  
  150  29:00  Probe  
  150  29:02  Assimilator  
  162  29:04  Assimilator  
  155  29:35  Zealot  
  155  29:36  Zealot x4  
  163  29:44  Nexus  
  157  29:52  Stalker x2  
  132  30:03  Oracle  
  132  30:05  Probe  
  106  30:34  Stalker x2  
  105  30:35  Zealot x2  
  105  30:36  Zealot  
Tags
 
Add a new tag
Caveats
  • Supply blocks, unpowered buildings, or Contaminate may cause inaccurate times.
  • Supply counts are checked every 10 seconds.